 Dungeon Crawl Stone Soup version 0.27.1-1-g398f81649c (webtiles) character file.

Game seed: 8158415900489535054

91 GameOver the Conjurer (level 4, -6/36 HPs)
             Began as a Naga Hedge Wizard on Sept 11, 2021.
             Mangled by a mummy (17 damage)
             ... on level 5 of the Dungeon.
             The game lasted 00:10:25 (2288 turns).

GameOver the Conjurer (Naga Hedge Wizard)           Turns: 2288, Time: 00:10:26

Health: -6/36      AC:  3    Str: 18    XL:     4   Next: 59%
Magic:  0/8        EV:  9    Int: 15    God:
Gold:   124        SH:  0    Dex: 11    Spells: 3/9 levels left

rFire    . . .     SeeInvis +   w - +0 quarterstaff
rCold    . . .     Faith    .   (shield currently unavailable)
rNeg     . . .     Spirit   .   b - +0 robe
rPois    +         Reflect  .   c - +0 hat
rElec    .         Harm     .   (no cloak)
rCorr    .         Rampage  .   u - +0 pair of gloves
Will     .....                  (no barding)
Stlth    ++........             m - amulet of the acrobat
HPRegen  0.12/turn              p - +6 ring of strength
MPRegen  0.11/turn              (no ring)

@: very slow
A: AC +1, large, see invisible, deformed body, poison resistance, slowness 2,
spit poison 1, naga tail 1
a: Spit Poison


You were on level 5 of the Dungeon.
You visited 1 branch of the dungeon, and saw 5 of its levels.

You collected 124 gold pieces.

Inventory:

Hand Weapons
 s - a +0 spear
 w - a +0 quarterstaff (weapon)
Missiles
 g - 55 stones
Armour
 b - a +0 robe (worn)
 c - a +0 hat (worn)
 u - a +0 pair of gloves (worn)
Jewellery
 m - an amulet of the acrobat (around neck)
 p - a +6 ring of strength (left hand)
Scrolls
 d - 2 scrolls of fear {unknown}
 e - a scroll of torment {unknown}
 h - 3 scrolls of identify {unknown}
 j - a scroll of enchant weapon {unknown}
 k - a scroll of enchant armour {unknown}
 l - 3 scrolls of noise {unknown}
 o - 3 scrolls of acquirement {unknown}
 q - 2 scrolls of teleportation {unknown}
 t - a scroll of vulnerability {unknown}
Potions
 f - a potion of magic {unknown}
 i - 2 potions of resistance {unknown}
 n - a potion of lignification {unknown}
 r - a potion of haste {unknown}


   Skills:
 - Level 1.5 Dodging
 - Level 3.0 Stealth
 - Level 3.0 Spellcasting
 + Level 4.2 Conjurations
 - Level 1.0 Summonings
 - Level 1.0 Translocations


You had 3 spell levels left.
You knew the following spells:

 Your Spells              Type           Power      Damage    Failure   Level
a - Magic Dart            Conj           60%        1d6       3%          1
b - Blink                 Tloc           N/A        N/A       21%         2
d - Mephitic Cloud        Conj/Pois/Air  6%         N/A       32%         3

Your spell library contained the following spells:

 Spells                   Type           Power      Damage    Failure   Level
 Call Imp                 Summ           5%         N/A       21%         2
 Conjure Flame            Conj/Fire      8%         6-21      26%         3
 Slow                     Hex            2%         N/A       30%         2


Dungeon Overview and Level Annotations

Branches:
Dungeon (6/15)
 Temple: D:4-7

Altars:
Qazlal

Annotations:
D:3 2 transporters


Innate Abilities, Weirdness & Mutations

Your serpentine skin is tough. (AC +1)
You have supernaturally acute eyesight. (SInv)
Armour fits poorly on your strangely shaped body.
Your system is resistant to poisons. (rPois)
You cover ground very slowly.
You can spit poison.
You have a snake-like lower body.


Message History

The kobold zombie is severely damaged.
The kobold zombie barely misses you.
You thump the kobold zombie!
You destroy the kobold zombie!
The magic dart hits the kobold zombie.
The kobold zombie is moderately damaged.
The kobold zombie hits you but does no damage.
The magic dart hits the kobold zombie.
The kobold zombie is heavily damaged.
The magic dart hits the kobold zombie.
You destroy the kobold zombie!
A hobgoblin zombie comes into view.
The helpless hobgoblin zombie fails to defend itself.
You hit the hobgoblin zombie.
The hobgoblin zombie is moderately damaged.
The hobgoblin zombie closely misses you.
The magic dart hits the hobgoblin zombie.
You destroy the hobgoblin zombie!
You can't see any susceptible monsters within range! (Use Z to cast anyway.)
A mummy comes into view.
The magic dart hits the mummy.
The mummy is lightly damaged.
The magic dart hits the mummy.
The mummy is lightly damaged.
The magic dart hits the mummy.
The mummy is moderately damaged.
The mummy hits you!
The magic dart hits the mummy but does no damage.
The mummy is moderately damaged.
You sock the mummy!
The mummy is almost destroyed.
You hear the slow rusting of a distant drain.
The mummy hits you.
You hit the mummy.
The mummy is almost destroyed.
The mummy hits you!
You barely miss the mummy.
The mummy is almost destroyed.
The mummy hits you!
You die...

.# ##. ... ..#
####.# #..#.#
#....# ## ##
#.#....##### #....
#..M@#.....# ....#
######.###.# #.#.#
#..... ...# #.#
#.#.# #.#..##.###
#.# #.#.#
#.##)##.# #.#
##.#.# #.##.##.#
#.# .(...#
#.##.##^# #.#
##.#.### #.##.##.#
#.#
.......###.##.##.#
#.#


You could see a mummy.

Vanquished Creatures
  A gnoll (D:5)
  3 adders
  A dart slug (D:3)
  An orc (D:6)
  2 ball pythons
  6 endoplasms
  4 giant cockroaches
  A goblin (D:1)
  8 hobgoblins
  2 jackals (D:2)
  5 quokkas
  3 bats
  A frilled lizard (D:2)
  2 hobgoblin zombies (D:5)
  3 kobolds
  2 kobold zombies (D:5)
  4 rats
49 creatures vanquished.

Notes
Turn   | Place    | Note
-------+----------+-------------------------------------------
     0 | D:1      | GameOver the Naga Hedge Wizard began the quest for the Orb.
     0 | D:1      | Reached XP level 1. HP: 15/15 MP: 4/4
   224 | D:1      | Reached skill level 2 in Conjurations
   224 | D:1      | Reached XP level 2. HP: 22/22 MP: 4/6
   701 | D:1      | Reached XP level 3. HP: 24/28 MP: 7/7
   747 | D:1      | Reached skill level 3 in Conjurations
   914 | D:2      | Learned a level 2 spell: Blink
   918 | D:2      | Learned a level 3 spell: Mephitic Cloud
   948 | D:2      | Found a faded altar of an unknown god.
  1208 | D:2      | Found a stormy altar of Qazlal.
  1306 | D:2      | Reached XP level 4. HP: 36/36 MP: 5/8
  1757 | D:3      | Found a transporter.
  1782 | D:3      | Found a transporter.
  1898 | D:3      | You fall into a shaft and drop 3 floors!
  1955 | D:6      | Noticed a black bear
  2096 | D:5      | Entered Level 5 of the Dungeon
  2198 | D:5      | Reached skill level 4 in Conjurations
  2288 | D:5      | Mangled by a mummy

Illustrated notes

Levels and vault maps discovered:
D:1:      co_arrival_random_square_maze, layout_basic
D:2:      layout_loops_ring, basic_altar, hellmonk_ecumenical_altar_dog_temple
D:3:      layout_loops_ring, gammafunk_ghost_stat_death
D:5:      wander_river, layout_loops_ring, gup_sewer_entry_spiral,
          minmay_misc_feat_columns, minmay_mini_ossuary
D:6:      layout_basic, nicolae_dithmenos_through_a_glass_darkly

Skill      XL: |  1  2  3  4 |
---------------+-------------+-----
Conjurations   | 2 3 4 |  4.2
Dodging        | |  1.5
Stealth        | |  3.0
Spellcasting   | |  3.0
Summonings     | |  1.0
Translocations | |  1.0

Action                   |  1- 3 |  4- 6 || total
-------------------------+-------+-------++-------
Melee: Dagger            |     2 |       ||     2
       Quarterstaff      |       |     9 ||     9
 Cast: Magic Dart        |    36 |    27 ||    63
 Abil: Spit Poison       |    38 |    10 ||    48
 Stab: Sleeping          |     1 |     1 ||     2
Armor: Robe              |     3 |     2 ||     5
Dodge: Dodged            |     9 |     5 ||    14
